Map: 暮色之塔

Players

iGXiGua

  • Race: Zerg Zerg
  • League: Master

ZooWhaleTail - Winner!

  • Race: Zerg Zerg
  • League: Master

Event: GPL 2015 - Grand Finals

VOD

Have the link to the VOD?

Description

Time

  • Played on: Jan. 23, 2016, 11:37 p.m.
  • Length: 4:55

All games in this series

Show
View Real Time Build Order
Export as new Build Order

iGXiGua Zerg 

Build Orders: Hatch First 

Get SALT Encoding   

  12  0:01  Drone  
  13  0:08  Drone  
  14  0:17  Overlord  
  14  0:23  Extractor  
  14  0:24  Drone  
  15  0:36  Drone x2  
  17  0:51  Hatchery  
  17  0:54  Drone  
  17  0:57  Drone  
  17  1:02  Extractor  
  17  1:12  Spawning Pool  
  17  1:15  Drone  
  17  1:19  Drone  
  18  1:27  Drone  
  19  1:38  Overlord  
  19  1:59  Zergling x4, Queen  
  23  2:02  Metabolic Boost  
  23  2:03  Queen  
  23  2:06  Drone  
  26  2:10  Drone  
  26  2:15  Drone  
  28  2:22  Baneling Nest  
  27  2:23  Drone  
  28  2:31  Drone  
  29  2:39  Overlord  
  29  2:40  Drone  
  30  2:45  Overlord  
  30  2:49  Drone  
  31  2:55  Overlord  
  31  2:58  Drone  
  32  3:08  Hatchery  
  32  3:10  Drone  
  32  3:13  Zergling x2  
  32  3:17  Drone x2  
  32  3:19  Drone  
  36  3:21  Drone  
  36  3:25  Drone  
  36  3:26  Drone  
  39  3:29  Drone  
  39  3:32  Drone  
  41  3:45  Evolution Chamber, Queen  
  41  3:47  Drone  
  41  3:48  Drone x3  
  46  3:52  Drone  
  46  3:53  Drone  
  46  3:55  Drone  
  49  3:57  Extractor  
  49  3:58  Extractor  
  47  4:04  Roach Warren  
  45  4:13  Zergling x2  
  45  4:14  Zergling x4  
  45  4:15  Zergling x2  
  49  4:21  Drone x3  
  49  4:23  Drone  
  53  4:29  Drone x3, Overlord  
  56  4:34  Overlord  
  56  4:37  Baneling x2  
Show
View Real Time Build Order
Export as new Build Order

ZooWhaleTail Zerg - Winner!

Build Orders: Hatch First, Roach Nydus 

Get SALT Encoding   

  12  0:01  Drone  
  13  0:13  Overlord  
  13  0:18  Drone  
  14  0:31  Drone x2  
  16  0:35  Drone  
  17  0:52  Hatchery  
  17  0:54  Drone  
  17  0:59  Drone  
  18  1:14  Spawning Pool  
  18  1:15  Drone, Extractor  
  17  1:19  Drone  
  18  1:31  Drone  
  19  1:41  Overlord  
  19  2:00  Queen  
  21  2:02  Drone x2  
  21  2:03  Queen  
  21  2:04  Drone  
  26  2:11  Drone  
  26  2:15  Drone  
  28  2:23  Drone  
  28  2:28  Zergling x2  
  30  2:37  Drone  
  30  2:38  Drone  
  30  2:39  Queen  
  30  2:42  Lair  
  34  2:51  Overlord  
  34  2:56  Drone x2  
  36  2:59  Extractor  
  35  3:08  Drone  
  35  3:11  Drone x5  
  35  3:12  Drone x3  
  44  3:19  Roach Warren  
  43  3:24  Queen, Extractor  
  45  3:27  Overlord  
  45  3:31  Overlord  
  45  3:46  Queen  
  47  3:48  Nydus Network  
  46  3:58  Roach x5  
  56  4:05  Overlord  
  56  4:07  Overlord  
  56  4:09  Roach  
  60  4:10  Roach  
  60  4:26  Roach x2  
  68  4:31  Nydus Canal  
  68  4:36  Overlord  
Tags
 
Add a new tag
Caveats
  • Supply blocks, unpowered buildings, or Contaminate may cause inaccurate times.
  • Supply counts are checked every 10 seconds.